 Dungeon Crawl Stone Soup version 0.28-a0-43-g560ac104fe (webtiles) character file.

Game seed: 5096005389314408079

12513 tilp the Destroyer (level 11, -3/48 HPs)
             Began as a Felid Hedge Wizard on July 26, 2021.
             Was an Elder of Sif Muna.
             Slain by a death yak (24 damage)
             ... on level 3 of the Lair of Beasts on July 28, 2021.
             The game lasted 01:22:18 (37404 turns).

tilp the Destroyer (Felid Hedge Wizard)            Turns: 37404, Time: 01:22:19

Health: -3/48      AC: 11    Str:  7    XL:     11   Next: 63%
Magic:  9/22       EV: 21    Int: 19    God:    Sif Muna [****..]
Gold:   3064       SH:  0    Dex: 16    Spells: 3/24 levels left
                                        Lives:  0   Deaths: 3

rFire   . . .      SeeInvis +     - Unarmed
rCold   + . .      Faith    .   (shield unavailable)
rNeg    . . .      Spirit   .   (armour unavailable)
rPois   .          Reflect  .   (helmet unavailable)
rElec   .          Harm     .   (cloak unavailable)
rCorr   .          Rampage  .   (gloves unavailable)
Will    +....                   (boots unavailable)
Stlth   ++++......              a - amulet of the acrobat
HPRegen 0.16/turn               d - +4 ring of protection
MPRegen 0.18/turn               f - +4 ring of protection

@: quick
A: very small, claws 1, fangs 3, see invisible, speed 1, shaggy fur 3, stealthy
paws, no weapons or thrown items, no armour, multi-lived
a: Renounce Religion, Channel Magic, Forget Spell, Divine Exegesis


You were on level 3 of the Lair of Beasts.
You worshipped Sif Muna.
Sif Muna was greatly pleased with you.
You visited 2 branches of the dungeon, and saw 16 of its levels.
You also visited: Volcano.

You collected 3064 gold pieces.

Inventory:

Jewellery
 a - an amulet of the acrobat (around neck)
 d - a +4 ring of protection (left paw)
 f - a +4 ring of protection (right paw)
 h - the ring "Osege Purch" {rF++ rC++ Int-3 Dex+6}
   (You acquired it on level 2 of the Lair of Beasts)

   [ring of dexterity]

   Int:       It affects your intelligence (-3).
   Dex:       It affects your dexterity (+6).
   rF:        It greatly protects you from fire.
   rC:        It greatly protects you from cold.
 k - an amulet of guardian spirit
 m - a ring of willpower
 u - a ring of flight
 x - a ring of protection from cold
 y - a ring of positive energy
 z - the ring "Raggoniost" {Fire rElec rPois Str-5 Int+4}
   (You acquired it on level 9 of the Dungeon)

   [ring of fire]

   It enhances your fire magic.
   Str:       It affects your strength (-5).
   Int:       It affects your intelligence (+4).
   rF:        It protects you from fire.
   rC:        It makes you vulnerable to cold.
   rElec:     It insulates you from electricity.
   rPois:     It protects you from poison.
Wands
 n - a wand of digging (11)
 o - a wand of polymorph (10)
 r - a wand of flame (10)
Scrolls
 j - a scroll of magic mapping
 p - 2 scrolls of silence
 q - 3 scrolls of blinking
 s - a scroll of amnesia
 t - 4 scrolls of identify
 A - 3 scrolls of teleportation
Potions
 b - 2 potions of berserk rage
 c - 4 potions of curing
 e - 3 potions of mutation
 g - a potion of cancellation
 l - 3 potions of flight
 v - 2 potions of attraction
Miscellaneous
 i - a box of beasts


   Skills:
 - Level 6.0 Fighting
 - Level 8.0 Dodging
 - Level 8.0 Stealth
 - Level 10.0 Unarmed Combat
 + Level 7.0 Spellcasting
 * Level 11.0 Conjurations
 - Level 2.0 Summonings
 - Level 4.0 Translocations
 + Level 6.9 Fire Magic
 - Level 2.0 Air Magic
 - Level 6.0 Earth Magic
 - Level 2.0 Poison Magic
 - Level 4.0 Invocations
 - Level 4.0 Evocations


You had 3 spell levels left.
You knew the following spells:

 Your Spells              Type           Power      Damage    Failure   Level
a - Magic Dart            Conj           100%       1d8       1%          1
b - Call Imp              Summ           14%        N/A       7%          2
c - Blink                 Tloc           N/A        N/A       3%          2
d - Conjure Flame         Conj/Fire      40%        6-21      1%          3
e - Mephitic Cloud        Conj/Pois/Air  25%        N/A       3%          3
f - Bolt of Magma         Conj/Fire/Erth 18%        4d10      11%         5
g - Fireball              Conj/Fire      20%        3d10      7%          5

Your spell library contained the following spells:

 Spells                   Type           Power      Damage    Failure   Level
 Searing Ray              Conj           96%        3d7       1%          2
 Stone Arrow              Conj/Erth      78%        3d11      1%          3
 Passwall                 Tmut/Erth      15%        N/A       4%          2
 Beastly Appendage        Tmut           12%        N/A       10%         1
 Corpse Rot               Necr/Air       N/A        N/A       10%         2
 Slow                     Hex            6%         N/A       16%         2
 Wereblood                Tmut           6%         N/A       16%         2
 Spider Form              Tmut/Pois      5%         N/A       21%         3
 Fulminant Prism          Conj/Hex       13%        3d9       11%         4
 Passage of Golubria      Tloc           N/A        N/A       19%         4
 Lightning Bolt           Conj/Air       15%        1d29      19%         5
 Petrify                  Tmut/Erth      18%        N/A       28%         4
 Iron Shot                Conj/Erth      19%        9d4       43%         6
 Silence                  Hex/Air        5%         N/A       88%         5
 Blade Hands              Tmut           3%         N/A       95%         5
 Statue Form              Tmut/Erth      12%        N/A       99%         6
 Lehudib's Crystal Spear  Conj/Erth      19%        10d6      100%        8
 Portal Projectile        Hex/Tloc       Unusable   N/A       N/A         3
 Animate Armour           Summ/Erth      Unusable   N/A       N/A         4
 Excruciating Wounds      Necr           Unusable   N/A       N/A         5

Dungeon Overview and Level Annotations

Branches:
Dungeon (11/15)            Temple (0/1) D:7            Lair (5/6) D:11
 Shoals (0/4) Lair:4       Spider (0/4) Lair:4        Slime (0/5) Lair:5
    Orc (0/2) D:10        Volcano (visited)

Altars:
Elyvilon
Fedhas
Hepliaklqana
Makhleb
Nemelex Xobeh
Okawaru
Qazlal
Ru
Sif Muna
Uskayaw
Xom
The Shining One

Shops:
D:11 (

Annotations:
D:11 exclusions: cyclops and 2 skeletal warriors
Lair:3 1 runed translucent door, exclusions: hydra and oklob plant, wakim's ghost, journeyman MfGl
Lair:4 1 runed translucent door
Lair:5 exclusion: 2 oklob plants


Innate Abilities, Weirdness & Mutations

You have sharp claws.
You have razor-sharp teeth.
You have supernaturally acute eyesight. (SInv)
You cover ground quickly. (Speed+)
Your thick and shaggy fur keeps you warm. (AC +3, rC+)
Your paws help you pounce on unaware monsters.
You are incapable of wielding weapons or throwing items.
You cannot wear armour.
You gain extra lives every three experience levels.


Message History

Your bite misses the death yak.
The death yak is lightly wounded.
The death yak is engulfed in blazing flames.
The death yak completely misses you.
You claw the death yak!
The death yak is moderately wounded.
The death yak is engulfed in blazing flames.
The death yak barely misses you.
You completely miss the death yak.
You bite the death yak, but do no damage.
The death yak is heavily wounded.
The death yak is engulfed in blazing flames.
The death yak gores you.
You claw the death yak!
The death yak is severely wounded.
The death yak is engulfed in blazing flames.
The death yak gores you.
You scratch the death yak but do no damage.
You claw the death yak.
The death yak is almost dead.
The death yak is engulfed in blazing flames.
You kill the death yak!
Sif Muna accepts your kill.
Your Spellcasting skill increases to level 7!
Your Conjurations skill increases to level 11!
Unknown command.
Casting: Mephitic Cloud (dangerous; 3% risk of failure)
Confirm with . or Enter, or press ? or * to list all spells.
The fire begins to smoulder!
The fire ignites!
You scratch the death yak.
The death yak is lightly wounded.
The death yak is engulfed in blazing flames.
The death yak gores you!!
You claw the death yak!
The death yak is moderately wounded.
The death yak is engulfed in blazing flames.
The death yak gores you!!
Ouch! That really hurt!
You die...

#......≈≈≈≈≈≈≈.#####....# #....#
#.............## #....# #....#
...............# #....# ##.....
##.##..........# #....###......
#####.Y..(....#####...###.#.....
### #.Y.........##....# ##......
..## #...........###...## ##.....
...###...........##.....# #P.....
...##...........@###....###......
.##.............#Y#..............
#.#............#.#Y..........[...
###............###...............
.####........#.###.....###.....##
.P####........#.##...######..[##
.###.#.......##.##......###....#
####...###...Y..#............###
#....# #......##...........# #


You could see 2 death yaks.

Vanquished Creatures
  A centaur warrior (D:8)
  A boulder beetle (D:10)
  6 hydras
  2 two-headed ogres
  3 death yaks (Lair:3)
  A hell knight (Volcano)
  A salamander mystic (Volcano)
  Pikel (D:3)
  A lindwurm (Lair:5)
  4 elephants (Lair:3)
  3 salamanders (Volcano)
  A molten gargoyle (Volcano)
  2 black mambas
  2 vault sentinels (D:10)
  2 cane toads
  A rime drake (Lair:3)
  Maggie (D:8)
  5 komodo dragons
  2 hornets (D:9)
  A troll (D:9)
  Grinder (D:3)
  6 dream sheep
  5 blink frogs (Lair:1)
  Sigmund (D:3)
  2 redbacks (Lair:4)
  2 wyverns
  45 yaks
  A fire bat (Volcano)
  A steam dragon (Lair:5)
  11 water moccasins
  2 sky beasts (D:8)
  5 orc warriors
  The ghost of MoonlitKnight the Cudgeller, an amateur MiFi (D:3)
  An ice beast (D:5)
  3 black bears
  A necrophage (D:7)
  10 wolves
  2 ogres (D:6)
  9 centaurs
  2 lemures (D:4)
  2 kobold brigands
  12 bullfrogs
  A scorpion (D:3)
  A wyvern skeleton (D:7)
  2 water moccasin zombies
  6 killer bees (D:10)
  7 wights
  An electric eel (Lair:2)
  A vampire bat (D:10)
  A howler monkey (D:8)
  7 lava snakes
  A centaur zombie (D:6)
  3 orc priests
  A hound (D:5)
  An iguana (D:7)
  A centaur skeleton (D:7)
  6 orc wizards
  2 howler monkey zombies
  2 gnolls (D:5)
  A white imp (D:5)
  An adder zombie (D:5)
  A dart slug (D:1)
  22 orcs
  6 ball pythons
  7 endoplasms
  A giant cockroach (D:2)
  22 goblins
  11 hobgoblins
  3 jackals
  14 kobolds
  A quokka (D:5)
  11 bats
  6 frilled lizards
  8 rats
325 creatures vanquished.

Vanquished Creatures (collateral kills)
  A two-headed ogre (D:8)
  A salamander (Volcano)
  A cane toad (Lair:4)
  Prince Ribbit (D:8)
  A yak (D:7)
  2 water moccasins
  A sky beast (D:6)
  3 ogres
  A phantom (D:4)
  2 lemures (D:4)
  A scorpion (D:6)
  5 killer bees (D:6)
  A wight (D:8)
  2 howler monkeys
  2 centaur zombies
  A hound (D:7)
  A gnoll shaman (D:5)
  3 orc priests
  3 iguanas
  An orc wizard (D:6)
  Robin (D:3)
  5 gnolls (D:5)
  3 adders
  A white imp (D:4)
  4 orcs
  2 endoplasms
  2 hobgoblins (D:2)
  2 jackals (D:2)
  A kobold (D:5)
  A quokka (D:4)
  2 ball pythons
  A bat (D:2)
59 creatures vanquished.

Vanquished Creatures (others)
  36 fungi
  111 plants
147 creatures vanquished.

Grand Total: 531 creatures vanquished

Notes
Turn   | Place    | Note
-------+----------+-------------------------------------------
     0 | D:1      | tilp the Felid Hedge Wizard began the quest for the Orb.
     0 | D:1      | Reached XP level 1. HP: 7/7 MP: 5/5
   116 | D:1      | Reached skill level 1 in Unarmed Combat
   173 | D:1      | Reached XP level 2. HP: 12/12 MP: 1/7
   282 | D:1      | Found a faded altar of an unknown god.
   321 | D:1      | Reached skill level 1 in Fighting
   454 | D:1      | Learned a level 2 spell: Call Imp
   457 | D:1      | Learned a level 2 spell: Blink
  1130 | D:2      | Reached XP level 3. HP: 15/15 MP: 3/8
  1941 | D:2      | Identified a scroll of acquirement
  1941 | D:2      | Acquired 728 gold pieces
  2088 | D:3      | Noticed Grinder
  2181 | D:3      | Found a shimmering blue altar of Sif Muna.
  2429 | D:3      | Noticed Robin
  2476 | D:3      | Reached XP level 4. HP: 19/19 MP: 5/9
  2624 | D:3      | Noticed Sigmund
  3043 | D:3      | Killed Robin
  3250 | D:3      | Noticed a scorpion
  3393 | D:3      | Killed a scorpion
  3394 | D:3      | Reached XP level 5. HP: 22/22 MP: 0/10
  3637 | D:3      | Found a runed translucent gate.
  3637 | D:3      | Found a runed translucent gate.
  3637 | D:3      | Found a runed translucent gate.
  3639 | D:3      | Noticed MoonlitKnight's ghost (amateur MiFi)
  3721 | D:3      | Became a worshipper of Sif Muna the Loreminder
  3743 | D:4      | Noticed Pikel
  3743 | D:4      | Noticed a lemure
  3743 | D:4      | Noticed a lemure
  3743 | D:4      | Noticed a lemure
  3745 | D:4      | Noticed a lemure
  3989 | D:4      | Noticed a phantom
  4004 | D:4      | Killed a phantom
  4587 | D:4      | Noticed an ogre
  4620 | D:4      | Killed an ogre
  4621 | D:4      | Reached skill level 1 in Evocations
  4757 | D:4      | Killed a lemure
  4918 | D:4      | Killed a lemure
  5127 | D:4      | Killed a lemure
  5279 | D:4      | Killed a lemure
  5713 | D:5      | Entered Level 5 of the Dungeon
  5734 | D:5      | Noticed an ice beast
  5775 | D:5      | Gained mutation: You are covered in thick fur. (AC +2)
                  | [Felid growth]
  5775 | D:5      | Reached XP level 6. HP: 23/26 MP: 2/11
  6088 | D:5      | Found a blossoming altar of Fedhas.
  6088 | D:5      | Found a glowing golden altar of the Shining One.
  6127 | D:5      | Found a hide-covered altar of Uskayaw.
  6129 | D:5      | Found an iron altar of Okawaru.
  6131 | D:5      | Found a sacrificial altar of Ru.
  6206 | D:5      | Noticed a yak
  7273 | D:5      | Found a shimmering altar of Xom.
  7509 | D:5      | Found a burning altar of Makhleb.
  7509 | D:5      | Noticed a green death
  7513 | D:5      | Found a stormy altar of Qazlal.
  7536 | D:5      | Reached XP level 7. HP: 16/30 MP: 2/12
  7753 | D:5      | Identified the +9 short sword of Destiny {vorpal, rC+
                  | Str+4}
  8123 | D:6      | Acquired 1273 gold pieces
  8219 | D:6      | Found a hazy altar of Hepliaklqana.
  8781 | D:6      | Reached skill level 5 in Unarmed Combat
  9257 | D:6      | Reached * piety under Sif Muna
  9551 | D:6      | Reached skill level 1 in Conjurations
  9776 | D:6      | Reached XP level 8. HP: 35/36 MP: 5/13
 10074 | D:6      | Reached skill level 2 in Conjurations
 10488 | D:7      | Reached skill level 3 in Conjurations
 10863 | D:7      | Reached skill level 4 in Conjurations
 10984 | D:7      | Found a staircase to the Ecumenical Temple.
 11858 | D:8      | Noticed Maggie
 11998 | D:8      | Noticed Prince Ribbit
 12003 | D:8      | Reached skill level 5 in Dodging
 12003 | D:8      | Reached skill level 5 in Stealth
 12020 | D:8      | Killed Prince Ribbit
 12133 | D:7      | Reached XP level 9. HP: 40/40 MP: 2/14
 12556 | D:8      | Reached skill level 5 in Fighting
 13209 | D:8      | Noticed a two-headed ogre
 13210 | D:8      | Noticed a centaur warrior
 13214 | D:8      | Reached ** piety under Sif Muna
 13355 | D:8      | Killed Maggie
 13626 | D:8      | Found a sparkling altar of Nemelex Xobeh.
 13888 | D:8      | Killed a two-headed ogre
 14440 | D:8      | Killed a centaur warrior
 14441 | D:8      | Reached XP level 10. HP: 16/45 MP: 15/15
 14730 | D:8      | Learned a level 3 spell: Conjure Flame
 14734 | D:8      | Learned a level 3 spell: Mephitic Cloud
 15488 | D:9      | Acquired the Disquisition on the Mountains
 15604 | D:9      | Found a white marble altar of Elyvilon.
 15751 | D:9      | Reached skill level 1 in Fire Magic
 15751 | D:9      | Reached skill level 1 in Air Magic
 15751 | D:9      | Reached skill level 1 in Poison Magic
 16075 | D:9      | Found a hide-covered altar of Uskayaw.
 16387 | D:9      | Noticed a two-headed ogre
 16403 | D:9      | Killed a two-headed ogre
 16404 | D:9      | Reached skill level 5 in Conjurations
 16849 | D:10     | Entered Level 10 of the Dungeon
 16910 | D:10     | Found a staircase to the Orcish Mines.
 17175 | D:10     | Noticed a vault sentinel
 17175 | D:10     | Noticed a vault sentinel
 17773 | D:9      | Reached skill level 6 in Conjurations
 18142 | D:10     | Shot with an arrow by a centaur
 18143 | D:10     | Reached XP level 9. HP: -7/41 MP: 11/14
 18312 | D:10     | Noticed a boulder beetle
 18366 | D:10     | Killed a boulder beetle
 18367 | D:10     | Reached skill level 7 in Conjurations
 18703 | D:10     | Reached XP level 10. HP: 17/45 MP: 6/15
 19000 | D:10     | Noticed a two-headed ogre
 19031 | D:10     | Killed a two-headed ogre
 19032 | D:10     | Reached skill level 8 in Conjurations
 19073 | D:10     | Learned a level 5 spell: Bolt of Magma
 19981 | D:10     | Killed a vault sentinel
 19982 | D:10     | Reached skill level 1 in Earth Magic
 19988 | D:10     | Killed a vault sentinel
 20083 | D:10     | Found the +18 shield of the Gong {rElec rN+ Will+ EV-5}
 20271 | D:11     | Noticed a skeletal warrior
 20271 | D:11     | Noticed a skeletal warrior
 20271 | D:11     | Noticed a skeletal warrior
 20322 | D:11     | Found Fenli's Antique Weapon Boutique.
 20325 | D:11     | Noticed a cyclops
 20372 | D:11     | Got the Guide on Aerial Heat
 20533 | D:11     | Reached *** piety under Sif Muna
 20721 | D:11     | Found an iron altar of Okawaru.
 20809 | D:11     | Found a staircase to the Lair.
 21635 | D:3      | Found a shimmering blue altar of Sif Muna.
 21663 | D:3      | Killed Grinder
 21686 | D:3      | Killed Pikel
 22487 | D:3      | Killed Sigmund
 22546 | D:3      | Found a shimmering blue altar of Sif Muna.
 23202 | D:3      | Killed MoonlitKnight's ghost
 23673 | D:3      | Found a shimmering blue altar of Sif Muna.
 24634 | Lair:1   | Entered Level 1 of the Lair of Beasts
 24642 | Lair:1   | Reached XP level 11. HP: 46/47 MP: 14/19
 25011 | Lair:1   | Reached skill level 5 in Spellcasting
 25471 | Lair:1   | Noticed a five-headed hydra
 25485 | Lair:1   | Killed a five-headed hydra
 26118 | Lair:2   | Reached skill level 9 in Conjurations
 27096 | Lair:1   | Reached skill level 5 in Fire Magic
 27164 | Lair:1   | Learned a level 5 spell: Fireball
 28232 | Lair:3   | Noticed a death yak
 28351 | Lair:3   | Found a runed translucent door.
 28353 | Lair:3   | Found a shimmering altar of Xom.
 28353 | Lair:3   | Noticed wakim's ghost (journeyman MfGl)
 28354 | Lair:3   | Noticed a +2 scimitar of chaos
 28395 | Lair:3   | Noticed a seven-headed hydra
 28453 | Lair:3   | Noticed an oklob plant
 28524 | Lair:3   | Reached skill level 5 in Earth Magic
 28835 | Lair:3   | Noticed a death yak
 29076 | Lair:3   | Noticed a six-headed hydra
 29395 | Lair:2   | Upgraded the game from 0.28-a0-21-gf74fda84f9 to
                  | 0.28-a0-32-g8dfe7f97f6
 29395 | Lair:2   | Acquired the ring "Raggoniost" {Fire rElec rPois Str-5
                  | Int+4}
 29397 | Lair:2   | Acquired the ring "Osege Purch" {rF++ rC++ Int-3 Dex+6}
 29413 | Lair:3   | Noticed a death yak
 29416 | Lair:3   | Killed a six-headed hydra
 29417 | Lair:3   | Gained mutation: Your thick and shaggy fur keeps you warm.
                  | (AC +3, rC+) [Felid growth]
 29417 | Lair:3   | Reached XP level 12. HP: 49/52 MP: 6/22
 29418 | Lair:3   | Noticed a death yak
 29418 | Lair:3   | Noticed a death yak
 29533 | Lair:3   | HP: 2/52 [seven-headed hydra (7)]
 29535 | Lair:3   | Killed a seven-headed hydra
 30336 | Lair:3   | Reached skill level 10 in Conjurations
 30342 | Lair:3   | Reached skill level 1 in Invocations
 31278 | Lair:4   | Found a staircase to the Shoals.
 31559 | Lair:4   | Found a dark tunnel.
 31622 | Volcano  | Entered a volcano
 31791 | Volcano  | Reached **** piety under Sif Muna
 31844 | Volcano  | Found a burning altar of Makhleb.
 32543 | Lair:4   | Found a runed translucent door.
 32581 | Lair:4   | Mangled by a cane toad
 32582 | Lair:4   | Reached XP level 11. HP: -7/48 MP: 15/21
 32599 | Lair:4   | Found a hole to the Spider Nest.
 32608 | Lair:4   | Reached skill level 10 in Unarmed Combat
 33474 | Lair:4   | Noticed a fire crab
 34588 | Lair:5   | Noticed a four-headed hydra
 34915 | Lair:5   | Noticed a lindwurm
 34925 | Lair:5   | Killed a lindwurm
 35147 | Lair:4   | Reached XP level 12. HP: 52/52 MP: 8/22
 35448 | Lair:5   | Upgraded the game from 0.28-a0-32-g8dfe7f97f6 to
                  | 0.28-a0-43-g560ac104fe
 36188 | Lair:5   | Found a staircase to the Slime Pits.
 36210 | Lair:5   | Found a shimmering blue altar of Sif Muna.
 36503 | Lair:5   | Killed a four-headed hydra
 36794 | Lair:5   | Noticed a six-headed hydra
 36805 | Lair:5   | Noticed a six-headed hydra
 36807 | Lair:5   | Killed a six-headed hydra
 36811 | Lair:5   | Slain by a six-headed hydra
 36812 | Lair:5   | Reached XP level 11. HP: -1/48 MP: 11/21
 36812 | Lair:5   | Noticed an oklob plant
 36812 | Lair:5   | Killed a six-headed hydra
 37374 | Lair:3   | Killed a death yak
 37385 | Lair:3   | Killed a death yak
 37392 | Lair:3   | Killed a death yak
 37393 | Lair:3   | Reached skill level 11 in Conjurations
 37404 | Lair:3   | Slain by a death yak

Illustrated notes

Levels and vault maps discovered:
D:1:      dpeg_arrival_more_subterranean_lakeside_camping, layout_rooms,
          ebering_ecumenical_altar_webs, minmay_heptomino_l4
D:2:      layout_basic
D:3:      minmay_octagon_keep, layout_basic, mainiacjoe_overflow_24_doors,
          gammafunk_ghost_necromancy, uniq_robin, uniq_grinder, uniq_sigmund
D:4:      layout_basic, uniq_pikel
D:5:      layout_basic, tgw_xom, makhleb_altar_promises_db,
          mainiacjoe_overflow_concentric_impassable,
          chequers_temple_overflow_minitemple, minmay_misc_feat_doors,
          minmay_manual_maat
D:6:      layout_gridville, nicolae_hepliaklqana_hippocampus
D:7:      layout_rooms
D:8:      layout_rooms, nemelex_diamond_rough_becter, fungi_pond_lemuel,
          chequers_serial_rivers_large_a, wad_floor_pattern_untrapped,
          uniq_prince_ribbit1, uniq_maggie
D:9:      layout_roguey, old_standard_altar, kennysheep_flooded_box
D:10:     layout_loops_corners, roderic_batcave, hellmonk_guarded_unrand_gong
D:11:     layout_roguey, lair_entry_dummy, serial_shops, nicolae_shop_trees,
          okawaru_altar_gauntlet_db
Lair:1:   layout_regular_city, serial_bayou_pond_e, st_stairs_9,
          grunt_megastairs_3
Lair:2:   layout_gridlike
Lair:3:   layout_cellular_growth, ebering_ghost_xom, infiniplex_staircase_pool_2
Lair:4:   gammafunk_mikee_crab_dinner, layout_hall_layers,
          minmay_shoals_entry_centaurs, spider_nest_entry_webs, enter_volcano_4
Lair:5:   layout_regular_city, minmay_slime_entry_oklob_open, basic_altar,
          lemuel_fruit_tree, grunt_megastairs_1

Skill      XL: |  1  2  3  4  5  6  7  8  9 10 11 12 |
---------------+-------------------------------------+-----
Unarmed Combat | 1 2 3 4 6 7 8 10 9 | 10.0
Fighting       | 1 2 4 6 |  6.0
Dodging        | 3 4 5 8 |  8.0
Stealth        | 3 4 5 8 |  8.0
Evocations     | 2 4 |  4.0
Summonings     | 2 |  2.0
Conjurations   | 1 4 7 8 11 10 | 11.0
Translocations | 2 4 |  4.0
Fire Magic     | 3 5 6 |  6.9
Air Magic      | 2 |  2.0
Poison Magic   | 2 |  2.0
Earth Magic    | 2 5 6 |  6.0
Spellcasting   | 4 7 |  7.0
Invocations    | 4 |  4.0

Action                   |  1- 3 |  4- 6 |  7- 9 | 10-12 || total
-------------------------+-------+-------+-------+-------++-------
Melee: Unarmed           |    85 |   168 |   248 |   881 ||  1382
       Bite              |     6 |     9 |    29 |   100 ||   144
       Punch             |       |     3 |     7 |    40 ||    50
 Cast: Magic Dart        |    47 |    18 |     6 |     5 ||    76
       Call Imp          |    17 |    86 |   115 |   101 ||   319
       Blink             |       |     3 |    10 |    28 ||    41
       Mephitic Cloud    |       |       |     3 |   117 ||   120
       Conjure Flame     |       |       |     1 |    20 ||    21
       Fireball          |       |       |       |    29 ||    29
       Bolt of Magma     |       |       |       |     1 ||     1
Invok: Channel Magic     |       |       |       |     1 ||     1
Evoke: Wand              |       |       |     6 |    32 ||    38
       Box of beasts     |       |       |     2 |     1 ||     3
  Use: Scroll            |     4 |     6 |    10 |    12 ||    32
       Potion            |       |       |     5 |     5 ||    10
 Stab: Sleeping          |     6 |     2 |     2 |     4 ||    14
       Distracted        |       |     1 |     8 |     4 ||    13
       Paralysed         |       |       |     5 |     3 ||     8
       Confused          |       |       |     4 |    93 ||    97
Armor: Skin              |    12 |    38 |    70 |   145 ||   265
Dodge: Dodged            |    73 |   137 |   270 |   775 ||  1255

Table legend: (Time is in decaauts)
 A = Elapsed time spent in this place.
 B = Non-inter-level travel time spent in this place.
 C = Inter-level travel time spent in this place.
 D = Time resting spent in this place.
 E = Time spent auto-exploring this place.
 F = Levels seen in this place.
 G = Mean time per level.
                   A        B        C        D        E       F      G
               +--------+--------+--------+--------+--------+-----+--------+
         Total |  33975 |  32441 |   1534 |  15631 |  11160 |  17 | 1998.5 |
       Dungeon |  22290 |  21133 |   1157 |   9250 |   8543 |  11 | 2026.4 |
          Lair |  11111 |  10735 |    376 |   6080 |   2616 |   5 | 2222.2 |
       Volcano |    572 |    572 |      0 |    300 |      0 |   1 |  572.0 |
               +--------+--------+--------+--------+--------+-----+--------+

Top non-repeatable levels by time:
     D:3: 3951 daAuts
  Lair:4: 3171 daAuts
  Lair:3: 2706 daAuts
     D:6: 2670 daAuts
     D:8: 2304 daAuts
     D:9: 2244 daAuts
     D:7: 2212 daAuts
  Lair:1: 2132 daAuts
    D:10: 2071 daAuts
     D:5: 2067 daAuts
     D:4: 1920 daAuts
  Lair:2: 1623 daAuts
  Lair:5: 1478 daAuts
     D:2: 1041 daAuts
    D:11: 931 daAuts
